Map: Lightshade LE

Players

Denver - Winner!

  • Race: Zerg Zerg
  • League: Master

uwuThermal (uThermal)

  • Race: Terran Terran
  • League: Master

Event: DreamHack SC2 Masters 2021 Summer

VOD

Have the link to the VOD?

Description

Time

  • Played on: May 27, 2021, 12:52 p.m.
  • Length: 8:49

All games in this series

Show
View Real Time Build Order
Export as new Build Order

Denver Zerg - Winner!

Build Orders: Pool First 

Get SALT Encoding   

  12  0:00  Drone  
  13  0:13  Overlord  
  13  0:16  Drone  
  14  0:31  Drone x2  
  16  0:38  Drone  
  17  0:45  Spawning Pool  
  17  0:49  Drone  
  17  1:04  Extractor  
  16  1:11  Hatchery  
  16  1:17  Drone  
  16  1:24  Drone x2  
  18  1:34  Roach Warren  
  17  1:41  Extractor  
  17  1:43  Drone  
  17  1:47  Overlord  
  17  2:02  Queen  
  19  2:14  Roach x2  
  23  2:17  Roach  
  25  2:24  Roach  
  27  2:36  Roach x2  
  31  2:43  Roach  
  34  2:51  Ravager  
  34  2:53  Roach  
  36  2:59  Overlord  
  36  3:11  Overlord  
  34  3:35  Ravager, Roach  
  34  3:36  Roach x2  
  43  3:41  Roach  
  43  3:51  Overlord  
  36  4:26  Drone, Ravager x2  
  36  4:27  Drone x2  
  29  5:27  Drone  
  29  5:28  Drone x2  
  27  5:38  Drone x2  
  28  5:56  Drone  
  27  6:01  Drone  
  28  6:17  Drone  
  29  6:21  Drone  
  30  6:29  Drone  
  31  6:36  Zergling x2  
  32  6:43  Drone  
  33  6:53  Zergling x2  
  34  6:58  Drone x2  
  36  7:08  Drone  
  31  7:19  Drone  
  31  7:28  Drone  
  31  7:29  Queen  
  34  7:43  Zergling x4  
  37  7:44  Zergling x2  
  37  7:50  Zergling x2  
  38  7:59  Zergling x2  
  38  8:00  Zergling x2  
  38  8:36  Drone x3  
  38  8:39  Spore Crawler  
Show
View Real Time Build Order
Export as new Build Order

uwuThermal Terran 

Build Orders:  

Get SALT Encoding   

  12  0:00  SCV  
  13  0:12  SCV  
  14  0:18  Supply Depot  
  14  0:25  SCV  
  15  0:41  Barracks  
  15  0:52  Barracks  
  15  0:56  SCV  
  16  1:08  SCV  
  16  1:10  Refinery  
  17  1:20  SCV  
  18  1:28  Marine  
  18  1:32  Orbital Command  
  19  1:36  Supply Depot  
  19  1:38  Marine  
  20  1:46  Marine  
  21  1:59  Marine  
  22  2:01  SCV  
  22  2:04  Marine  
  24  2:16  SCV  
  24  2:18  Factory, Marine, Supply Depot  
  26  2:26  Barracks Tech Lab  
  26  2:28  SCV  
  27  2:36  Refinery, Barracks Tech Lab  
  27  2:40  SCV  
  28  2:45  Marauder  
  30  2:56  Marauder  
  32  2:59  SCV  
  32  3:01  Supply Depot  
  33  3:06  Marauder  
  33  3:09  Factory Tech Lab  
  34  3:24  SCV  
  34  3:34  Marauder  
  32  3:36  Marauder  
  29  3:47  Cyclone  
  19  5:00  Orbital Command  
  3  5:39  Orbital Command  
  3  6:22  SCV  
  4  6:29  Reaper  
  4  7:14  Marine  
  4  7:31  Marine  
  5  7:49  Marine  
  5  8:06  Marine  
  6  8:24  Marine  
Tags
 
Add a new tag
Caveats
  • Supply blocks, unpowered buildings, or Contaminate may cause inaccurate times.
  • Supply counts are checked every 10 seconds.